TOP OF THE 1ST |
University of Arizona Wildcats batting - Pitching for Fresno State University Bulldogs : RHP David Grant
|
Pitching: RHP David Grant
|
|
Batting: LHB Pascal Noël
|
0-0: Called Strike 0-1: Foul Ball, location: 2F 0-2: Ball 1-2: Fly out, F7 (Flyball, 7, EV 90.0 MPH)
|
Batting: LHB Jere Paatelainen
|
0-0: Called Strike 0-1: Swinging Strike 0-2: Foul Ball, location: 2F 0-2: Ball 1-2: Ball 2-2: Ball 3-2: Strikes out swinging
|
Batting: RHB Ron Dondale
|
0-0: SINGLE (Line Drive, 56D, EV 95.6 MPH)
|
Batting: RHB Dan Doggett
|
0-0: Ball 1-0: Foul Ball, location: 2F 1-1: Called Strike 1-2: 2-RUN HOME RUN (Flyball, 7D, EV 98.8 MPH), Distance : 378 ft
|
Batting: RHB Steve Carmichael
|
0-0: Ball 1-0: Ball 2-0: Ball 3-0: Called Strike 3-1: Called Strike 3-2: Fly out, F7 (Flyball, 7LS, EV 95.6 MPH)
|
Top of the 1st over - 2 runs, 2 hits, 0 errors, 0 left on base; University of Arizona 2 - Fresno State University 0 |
BOTTOM OF THE 1ST |
Fresno State University Bulldogs batting - Pitching for University of Arizona Wildcats : RHP Chris Galloway
|
Pitching: RHP Chris Galloway
|
|
Batting: RHB Tony Nowak
|
0-0: Ball 1-0: Ball 2-0: Foul Ball, location: 2F 2-1: Ball 3-1: Swinging Strike 3-2: Fly out, F8 (Flyball, 8RM, EV 84.4 MPH)
|
Batting: LHB Ollie Strauss
|
0-0: Ball 1-0: Ball 2-0: Ball 3-0: Called Strike 3-1: Foul Ball, location: 2F 3-2: Strikes out swinging
|
Batting: SHB Carlton Stannard
|
0-0: Single, Error in OF, E7, batter to second base (Groundball, 5D, EV 104.4 MPH)
|
Batting: RHB Sandy Munoz
|
0-0: Called Strike 0-1: Ball 1-1: Ground out 5-3 (Groundball, 5S, EV 76.2 MPH)
|
Bottom of the 1st over - 0 runs, 1 hit, 1 error, 1 left on base; University of Arizona 2 - Fresno State University 0 |
TOP OF THE 2ND |
University of Arizona Wildcats batting - Pitching for Fresno State University Bulldogs : RHP David Grant
|
Batting: LHB Andrew Davis
|
0-0: Ball 1-0: Called Strike 1-1: Foul Ball, location: 2F 1-2: Strikes out swinging
|
Batting: RHB Eddy Amaya
|
0-0: Ball 1-0: Ball 2-0: Ball 3-0: Called Strike 3-1: Foul Ball, location: 2F 3-2: TRIPLE (Line Drive, 78XD, EV 105.6 MPH)
|
Batting: RHB Larry Harlow
|
0-0: Swinging Strike 0-1: Called Strike 0-2: Strikes out looking
|
Batting: LHB Lihau Keawe
|
0-0: Ball 1-0: Ground out 5-3 (Groundball, 56, EV 101.9 MPH)
|
Top of the 2nd over - 0 runs, 1 hit, 0 errors, 1 left on base; University of Arizona 2 - Fresno State University 0 |
BOTTOM OF THE 2ND |
Fresno State University Bulldogs batting - Pitching for University of Arizona Wildcats : RHP Chris Galloway
|
Batting: RHB Danilo Baldia
|
0-0: Foul Ball, location: 2F 0-1: Ball 1-1: Ball 2-1: Fly out, F9 (Flyball, 9D, EV 90.6 MPH)
|
Batting: LHB Moktar Ame
|
0-0: Called Strike 0-1: Ball 1-1: Called Strike 1-2: Ball 2-2: Foul Ball, location: 2F 2-2: Ball 3-2: Fly out, F7 (Flyball, 78M, EV 94.4 MPH)
|
Batting: RHB John Chapman
|
0-0: Ball 1-0: Fly out, F9 (Flyball, 9D, EV 91.2 MPH)
|
Bottom of the 2nd over - 0 runs, 0 hits, 0 errors, 0 left on base; University of Arizona 2 - Fresno State University 0 |
TOP OF THE 3RD |
University of Arizona Wildcats batting - Pitching for Fresno State University Bulldogs : RHP David Grant
|
Pitching: RHP Brent Liss
|
|
Batting: LHB Pascal Noël
|
0-0: Ball 1-0: Ball 2-0: Ball 3-0: Base on Balls
|
Batting: LHB Jere Paatelainen
|
0-0: Ball 1-0: Called Strike 1-1: Foul Ball, location: 2F 1-2: Grounds out, U3 (Groundball, 3L, EV 84.4 MPH)
|
Batting: RHB Ron Dondale
|
0-0: Ball 1-0: Foul Ball, location: 2F 1-1: Ball 2-1: Ball 3-1: Base on Balls
|
Batting: RHB Dan Doggett
|
0-0: Called Strike Pascal Noël steals 3rd base Ron Dondale to second 0-1: Ball 1-1: Ball 2-1: Swinging Strike 2-2: Fly out, F4 (Popup, 4M, EV 57.5 MPH)
|
Batting: RHB Steve Carmichael
|
0-0: Foul Ball, location: 2F 0-1: Foul Ball, location: 2F 0-2: Ball 1-2: Ball 2-2: Strikes out looking
|
Top of the 3rd over - 0 runs, 0 hits, 0 errors, 2 left on base; University of Arizona 2 - Fresno State University 0 |
BOTTOM OF THE 3RD |
Fresno State University Bulldogs batting - Pitching for University of Arizona Wildcats : RHP Chris Galloway
|
Batting: RHB Sinfronio Carreon
|
0-0: Foul Ball, location: 2F 0-1: Foul Ball, location: 2F 0-2: Strikes out swinging
|
Batting: RHB Ryan Roberts
|
0-0: Called Strike 0-1: Ground out 4-3 (Groundball, 4, EV 83.1 MPH)
|
Batting: RHB Tony Nowak
|
0-0: Ball 1-0: Swinging Strike 1-1: Reached via error on a dropped throw from SS, E3 (Groundball, 6, EV 106.9 MPH)
|
Batting: LHB Ollie Strauss
|
0-0: Ball Tony Nowak steals 2nd base 1-0: Foul Ball, location: 2F 1-1: Ball 2-1: Foul Ball, location: 2F 2-2: Strikes out swinging
|
Bottom of the 3rd over - 0 runs, 0 hits, 1 error, 1 left on base; University of Arizona 2 - Fresno State University 0 |
TOP OF THE 4TH |
University of Arizona Wildcats batting - Pitching for Fresno State University Bulldogs : RHP Brent Liss
|
Batting: LHB Andrew Davis
|
0-0: Bunt for hit to 2L - play at first, batter OUT! 2-3
|
Batting: RHB Eddy Amaya
|
0-0: Ball 1-0: SINGLE (Groundball, 4, EV 106.9 MPH)
|
Batting: RHB Larry Harlow
|
0-0: Called Strike 0-1: Called Strike 0-2: Foul Ball, location: 2F 0-2: Foul Ball, location: 2F 0-2: Strikes out swinging
|
Batting: LHB Lihau Keawe
|
0-0: Ball 1-0: Ball 2-0: Foul Ball, location: 2F 2-1: SINGLE (Groundball, 6, EV 101.2 MPH) Eddy Amaya to second
|
Batting: LHB Pascal Noël
|
0-0: Foul Ball, location: 2F 0-1: Ball 1-1: Fielders Choice at 2nd, 6-4 (Groundball, 6, EV 86.9 MPH)
|
Top of the 4th over - 0 runs, 2 hits, 0 errors, 2 left on base; University of Arizona 2 - Fresno State University 0 |
BOTTOM OF THE 4TH |
Fresno State University Bulldogs batting - Pitching for University of Arizona Wildcats : RHP Chris Galloway
|
Batting: SHB Carlton Stannard
|
0-0: Called Strike 0-1: Foul Ball, location: 2F 0-2: Strikes out looking
|
Batting: RHB Sandy Munoz
|
0-0: Called Strike 0-1: Called Strike 0-2: Strikes out swinging
|
Batting: RHB Danilo Baldia
|
0-0: Foul Ball, location: 2F 0-1: Foul Ball, location: 2F 0-2: Fly out, F8 (Flyball, 8RD, EV 101.2 MPH)
|
Bottom of the 4th over - 0 runs, 0 hits, 0 errors, 0 left on base; University of Arizona 2 - Fresno State University 0 |
TOP OF THE 5TH |
University of Arizona Wildcats batting - Pitching for Fresno State University Bulldogs : RHP Brent Liss
|
Batting: LHB Jere Paatelainen
|
0-0: Ball 1-0: SINGLE (Groundball, 3S, EV 70.6 MPH) (infield hit)
|
Batting: RHB Ron Dondale
|
0-0: Grounds into double play, 6-4-3 (Groundball, 6, EV 89.4 MPH)
|
Pitching: RHP Mario Lyons
|
|
Batting: RHB Dan Doggett
|
0-0: Called Strike 0-1: Ball 1-1: Foul Ball, location: 2F 1-2: Fly out, F8 (Flyball, 8RD, EV 105.0 MPH)
|
Top of the 5th over - 0 runs, 1 hit, 0 errors, 0 left on base; University of Arizona 2 - Fresno State University 0 |
BOTTOM OF THE 5TH |
Fresno State University Bulldogs batting - Pitching for University of Arizona Wildcats : RHP Chris Galloway
|
Batting: LHB Moktar Ame
|
0-0: Ball 1-0: Called Strike 1-1: Called Strike 1-2: Ball 2-2: Ball 3-2: Foul Ball, location: 2F 3-2: Fly out, F7 (Flyball, 78M, EV 86.9 MPH)
|
Batting: RHB John Chapman
|
0-0: Called Strike 0-1: Swinging Strike 0-2: Foul Ball, location: 2F 0-2: Ball 1-2: Foul Ball, location: 2F 1-2: Foul Ball, location: 2F 1-2: Ball 2-2: Fly out, F7 (Flyball, 7LSF, EV 76.9 MPH)
|
Batting: RHB Sinfronio Carreon
|
0-0: Ball 1-0: Called Strike 1-1: Ground out 4-3 (Groundball, 4, EV 105.6 MPH)
|
Bottom of the 5th over - 0 runs, 0 hits, 0 errors, 0 left on base; University of Arizona 2 - Fresno State University 0 |
TOP OF THE 6TH |
University of Arizona Wildcats batting - Pitching for Fresno State University Bulldogs : RHP Mario Lyons
|
Batting: RHB Steve Carmichael
|
0-0: Ball 1-0: Foul Ball, location: 2F 1-1: Fly out, F7 (Flyball, 7S, EV 82.5 MPH)
|
Batting: LHB Andrew Davis
|
0-0: Ball 1-0: Ball 2-0: Called Strike 2-1: Ball 3-1: Base on Balls
|
Batting: RHB Eddy Amaya
|
0-0: Ball Andrew Davis steals 2nd base 1-0: Ball 2-0: Ball 3-0: Base on Balls
|
Batting: RHB Larry Harlow
|
0-0: Ball 1-0: Foul Ball, location: 2F 1-1: Foul Ball, location: 2F 1-2: Ball 2-2: Foul Ball, location: 2F 2-2: Foul Ball, location: 2F 2-2: Fly out, F7 (Flyball, 7, EV 85.0 MPH)
|
Pitching: RHP Oscar Zetino
|
|
Batting: LHB Lihau Keawe
|
0-0: Called Strike 0-1: Called Strike 0-2: Ball 1-2: SINGLE (Line Drive, 56, EV 97.5 MPH) Andrew Davis to third Eddy Amaya to second Runner from 3rd tries for Home, SAFE, throw by LF to home
|
Batting: LHB Pascal Noël
|
0-0: Called Strike 0-1: Ball 1-1: Foul Ball, location: 2F 1-2: Ball 2-2: Ball 3-2: Strikes out swinging
|
Top of the 6th over - 1 run, 1 hit, 0 errors, 2 left on base; University of Arizona 3 - Fresno State University 0 |
BOTTOM OF THE 6TH |
Fresno State University Bulldogs batting - Pitching for University of Arizona Wildcats : RHP Chris Galloway
|
Batting: RHB Ryan Roberts
|
0-0: Ball 1-0: Foul Ball, location: 2F 1-1: Ground out 6-3 (Groundball, 6, EV 108.8 MPH)
|
Pitching: LHP Matt Waterbury
|
|
Batting: RHB Tony Nowak
|
0-0: Ball 1-0: Ball 2-0: Fly out, F9 (Flyball, 9, EV 95.6 MPH)
|
Batting: LHB Ollie Strauss
|
0-0: Foul Ball, location: 2F 0-1: Ball 1-1: Ground out 6-3 (Groundball, 6, EV 84.4 MPH)
|
Bottom of the 6th over - 0 runs, 0 hits, 0 errors, 0 left on base; University of Arizona 3 - Fresno State University 0 |
TOP OF THE 7TH |
University of Arizona Wildcats batting - Pitching for Fresno State University Bulldogs : RHP Oscar Zetino
|
Batting: LHB Jere Paatelainen
|
0-0: Ball 1-0: Fly out, F8 (Flyball, 8LD, EV 98.1 MPH)
|
Batting: RHB Ron Dondale
|
0-0: Called Strike 0-1: Called Strike 0-2: Ball 1-2: Strikes out swinging
|
Batting: RHB Dan Doggett
|
0-0: Ball 1-0: Ball 2-0: Ground out 4-3 (Groundball, 4, EV 84.4 MPH)
|
Top of the 7th over - 0 runs, 0 hits, 0 errors, 0 left on base; University of Arizona 3 - Fresno State University 0 |
BOTTOM OF THE 7TH |
Fresno State University Bulldogs batting - Pitching for University of Arizona Wildcats : LHP Matt Waterbury
|
Batting: SHB Carlton Stannard
|
0-0: Ball 1-0: Foul Ball, location: 2F 1-1: Foul Ball, location: 2F 1-2: SINGLE (Groundball, 56D, EV 95.6 MPH)
|
Batting: RHB Sandy Munoz
|
0-0: Foul Ball, location: 2F 0-1: Called Strike 0-2: Ball 1-2: Ball 2-2: Ball 3-2: SINGLE (Line Drive, 9S, EV 102.5 MPH) Carlton Stannard to second
|
Batting: RHB Danilo Baldia
|
0-0: SINGLE (Line Drive, 8LS, EV 88.1 MPH) Carlton Stannard to third Sandy Munoz to second
|
Batting: LHB Moktar Ame
|
0-0: Ball 1-0: Swinging Strike 1-1: Ball 2-1: Called Strike 2-2: Foul Ball, location: 2F 2-2: Foul Ball, location: 2F 2-2: SINGLE (Groundball, 34, EV 106.9 MPH) Carlton Stannard scores Sandy Munoz to third Danilo Baldia to second Runner from 3rd tries for Home, SAFE, throw by RF to home
|
Batting: RHB John Chapman
|
0-0: Ball 1-0: Called Strike 1-1: Ball 2-1: Fly out, F9 (Line Drive, 9S, EV 98.8 MPH)
|
Pitching: RHP Jimmy Serna
|
|
Batting: RHB Sinfronio Carreon
|
0-0: Called Strike 0-1: Ball 1-1: Ball 2-1: Ball 3-1: Swinging Strike 3-2: Strikes out swinging
|
Batting: RHB Ryan Roberts
|
0-0: Ball 1-0: Foul Ball, location: 2F 1-1: Fly out, F8 (Flyball, 8LM, EV 79.4 MPH)
|
Bottom of the 7th over - 2 runs, 4 hits, 0 errors, 2 left on base; University of Arizona 3 - Fresno State University 2 |
TOP OF THE 8TH |
University of Arizona Wildcats batting - Pitching for Fresno State University Bulldogs : RHP Oscar Zetino
|
Pitching: RHP Milojica Mrdja
|
|
Batting: RHB Steve Carmichael
|
0-0: Foul Ball, location: 2F 0-1: Ball 1-1: Ball 2-1: TRIPLE (Flyball, 89XD, EV 103.8 MPH)
|
Batting: LHB Andrew Davis
|
0-0: Intentional Walk
|
Batting: RHB Eddy Amaya
|
0-0: Ball 1-0: Ball 2-0: SINGLE (Groundball, 6M, EV 101.9 MPH) (infield hit) Steve Carmichael scores Andrew Davis to second
|
Batting: RHB Larry Harlow
|
0-0: Ball 1-0: Foul Ball, location: 2F 1-1: Ball 2-1: Ball 3-1: Foul Ball, location: 2F 3-2: Base on Balls Andrew Davis to third Eddy Amaya to second
|
Batting: LHB Lihau Keawe
|
0-0: Ball 1-0: Called Strike 1-1: Ball 2-1: SINGLE (Groundball, 4MD, EV 110.0 MPH) Andrew Davis scores Eddy Amaya to third Larry Harlow to second
|
Batting: LHB Pascal Noël
|
0-0: Called Strike 0-1: Called Strike 0-2: Fly out, F8 (Flyball, 8LS, EV 83.1 MPH) Runner from 3rd tags up, OUT at HOME! 8-2 Larry Harlow to third Lihau Keawe to second
|
Batting: LHB Jere Paatelainen
|
0-0: Called Strike 0-1: Ball 1-1: Foul Ball, location: 2F 1-2: Ball 2-2: Strikes out swinging
|
Top of the 8th over - 2 runs, 3 hits, 0 errors, 2 left on base; University of Arizona 5 - Fresno State University 2 |
BOTTOM OF THE 8TH |
Fresno State University Bulldogs batting - Pitching for University of Arizona Wildcats : RHP Jimmy Serna
|
Pitching: RHP Chris Obloy
|
|
Batting: RHB Tony Nowak
|
0-0: Reached on error, E6 (Groundball, 6, EV 108.8 MPH)
|
Batting: LHB Ollie Strauss
|
0-0: Called Strike 0-1: Ball 1-1: Fly out, F5 (Line Drive, 5L, EV 62.5 MPH)
|
Batting: SHB Carlton Stannard
|
0-0: Called Strike 0-1: Foul Ball, location: 2F 0-2: Ball Wild Pitch! Tony Nowak to second 1-2: Foul Ball, location: 2F 1-2: Ball 2-2: Ball 3-2: Base on Balls
|
Pitching: LHP Lance Freake
|
|
Batting: RHB Sandy Munoz
|
0-0: Ball 1-0: SINGLE (Groundball, 6S, EV 68.1 MPH) (infield hit) Tony Nowak to third Carlton Stannard to second
|
Batting: RHB Danilo Baldia
|
0-0: Called Strike 0-1: Grounds into double play, 4-2-3 (Groundball, 4S, EV 93.1 MPH)
|
Bottom of the 8th over - 0 runs, 1 hit, 1 error, 2 left on base; University of Arizona 5 - Fresno State University 2 |
TOP OF THE 9TH |
University of Arizona Wildcats batting - Pitching for Fresno State University Bulldogs : RHP Milojica Mrdja
|
Pitching: RHP Marcos Caldera
|
|
Batting: RHB Ron Dondale
|
0-0: Ball 1-0: Ball 2-0: Ball 3-0: Base on Balls
|
Batting: RHB Dan Doggett
|
0-0: Ball 1-0: Ball 2-0: Ball 3-0: Base on Balls Ron Dondale to second
|
Batting: RHB Steve Carmichael
|
0-0: Reached via error on a dropped throw from SS, E3 (Groundball, P, EV 84.4 MPH) Ron Dondale to third Dan Doggett to second
|
Batting: LHB Andrew Davis
|
0-0: Fly out, F7 (Line Drive, 78D, EV 87.5 MPH) Runner from 3rd tags up, SCORES, no throw by LF
|
Batting: RHB Eddy Amaya
|
0-0: Swinging Strike 0-1: Called Strike 0-2: Foul Ball, location: 2F 0-2: Foul Ball, location: 2F 0-2: Ball 1-2: Foul Ball, location: 2F 1-2: Ground out 6-3 (Groundball, P, EV 91.2 MPH) Dan Doggett to third Steve Carmichael to second
|
Pitching: RHP Antonio Levario
|
|
Batting: RHB Larry Harlow
|
0-0: Ball 1-0: Called Strike 1-1: Ball 2-1: Ball 3-1: Called Strike 3-2: Foul Ball, location: 2F 3-2: Foul Ball, location: 2F 3-2: DOUBLE (Line Drive, 7LS, EV 96.2 MPH) Dan Doggett scores Steve Carmichael scores
|
Batting: LHB Lihau Keawe
|
0-0: Called Strike 0-1: Foul Ball, location: 2F 0-2: Fly out, F8 (Line Drive, 89M, EV 94.4 MPH)
|
Top of the 9th over - 3 runs, 1 hit, 1 error, 1 left on base; University of Arizona 8 - Fresno State University 2 |
BOTTOM OF THE 9TH |
Fresno State University Bulldogs batting - Pitching for University of Arizona Wildcats : LHP Lance Freake
|
Batting: LHB Moktar Ame
|
0-0: DOUBLE (Line Drive, 7LM, EV 100.0 MPH)
|
Batting: RHB John Chapman
|
0-0: Called Strike 0-1: Ground out 5-3 (Groundball, 56, EV 105.0 MPH)
|
Batting: RHB Sinfronio Carreon
|
0-0: Called Strike 0-1: Called Strike 0-2: Ball 1-2: Ball 2-2: Ground out 6-3 (Groundball, 6, EV 80.6 MPH)
|
Batting: RHB Ryan Roberts
|
0-0: Called Strike 0-1: Ball 1-1: Ground out 6-3 (Groundball, 6, EV 82.5 MPH)
|
Bottom of the 9th over - 0 runs, 1 hit, 0 errors, 1 left on base; University of Arizona 8 - Fresno State University 2 |
|